[Event "Early-Titled-Tuesday-Blitz-December-26-2023"]
[Site "Chess.com"]
[Date "2023.12.26"]
[Round "3"]
[White "Russian_berezka"]
[Black "stratacticos"]
[Result "1-0"]
[WhiteElo "2554"]
[BlackElo "1854"]
[TimeControl "180+1"]
[EndTime "8:26:33 PST"]
[Termination "Russian_berezka won on time"]

1. d4 Nf6 2. c3 g6 3. e3 Bg7 4. Nf3 c5 5. Be2 cxd4 6. cxd4 b6 7. O-O O-O 8. b3 Bb7 9. Bb2 Bxf3 10. Bxf3 d5 11. Nc3 e6 12. e4 dxe4 13. Nxe4 Nd5 14. Nc3 Nc6 15. Nxd5 exd5 16. Rc1 Rc8 17. Qd3 Qd6 18.
Qa6 Rfe8 19. Rc2 Rc7 20. Ba3 Qe6 21. Qa4 Rec8 22. Rfc1 Bxd4 23. g3 Kg7 24. Rxc6 Rxc6 25. Qxd4+ Qf6 26. Qd2 Rxc1+ 27. Bxc1 d4 28. Kg2 h5 29.
Bb2 Rd8 30. h4 1-0

[Event "Early-Titled-Tuesday-Blitz-December-26-2023"]
[Site "Chess.com"]
[Date "2023.12.26"]
[Round "3"]
[White "ChessBliss09"]
[Black "chessdiamant"]
[Result "0-1"]
[WhiteElo "2095"]
[BlackElo "2554"]
[TimeControl "180+1"]
[EndTime "8:26:33 PST"]
[Termination "chessdiamant won by checkmate"]

1. e4 d5 2. exd5 Nf6 3. Nc3 Nxd5 4. Nxd5 Qxd5 5. d4 Nc6 6. Nf3 Bg4 7. Be2 O-O-O 8. c3 e5 9. Nxe5 Bxe2 10. Qxe2 Nxe5 11.
dxe5 Qxg2 12. Rf1 Be7 13. Bd2 Bg5 14. O-O-O Rxd2 15. Rxd2 Bxd2+ 16. Kxd2 Rd8+ 17. Kc1 Qxh2 18. Qg4+ Kb8 19. Qxg7 Qf4+ 20. Kb1 Qe4+ 21. Ka1 Qe2 22. Qg1 Qxe5 23. f4 Qe2 24. Re1 Qd2 25. a3 Qxf4 26. Rf1 Qc4 27. Qf2 a6 28. Qxf7 Rd1+ 29. Rxd1 Qxf7 30. Rd8+ Ka7 31. Rd1 h5 32. Rh1 Qg6 33. Rd1 h4 34. c4 h3 35. c5 h2 36. c6 bxc6 37. Ka2 Qg1 38. Rd7 h1=Q 39. Rxc7+ Kb6 40. Rxc6+ Kxc6 41. a4 Qd5+ 42. b3 Qd2+ 43.
Ka3 Qc5+ 44. b4 Qcxb4# 0-1

[Event "Early-Titled-Tuesday-Blitz-December-26-2023"]
[Site "Chess.com"]
[Date "2023.12.26"]
[Round "3"]
[White "Mikayel99"]
[Black "LuisFSiles"]
[Result "1-0"]
[WhiteElo "2586"]
[BlackElo "2282"]
[TimeControl "180+1"]
[EndTime "8:26:34 PST"]
[Termination "Mikayel99 won by resignation"]

1. Nf3 Nf6 2. c4 d6 3. e3 e5 4. Nc3 g6 5. Qc2 Bf5 6. e4 Bg4 7. Be2 Bxf3 8. Bxf3 Nc6 9. Ne2 h5 10. a3 Bh6 11. b4 Nd7 12. Bb2 O-O 13. O-O Re8 14.
Rad1 Nf8 15. d4 Qf6 16. b5 Ne7 17. c5 Ne6 18. dxe5 dxe5 19. Qc3 Bg7 20. g3 Rad8 21.
Bg2 Nd4 22. Nxd4 exd4 23. Qb4 g5 24. f4 gxf4 25. Rxf4 Qe5 26. Rdf1 Rf8 27. Kh1 b6 28. c6 Qc5 29. Qb3 d3 30. Bxg7 Kxg7 31. Rxf7+ Kh8 32.
Rxf8+ 1-0

[Event "Early-Titled-Tuesday-Blitz-December-26-2023"]
[Site "Chess.com"]
[Date "2023.12.26"]
[Round "3"]
[White "Let_it_be_1"]
[Black "Korchmar_Vasiliy"]
[Result "0-1"]
[WhiteElo "2580"]
[BlackElo "2776"]
[TimeControl "180+1"]
[EndTime "8:26:35 PST"]
[Termination "Korchmar_Vasiliy won on time"]

1. e4 c5 2. Nf3 d6 3. d4 cxd4 4. Nxd4 Nf6 5. Nc3 Nc6 6. Be2 g6 7. O-O Bg7 8. Be3 O-O 9. f4 Nxd4 10. Bxd4 Be6 11. Bf3 a6 12. a4 Qa5 13. Kh1 Rac8 14.
f5 gxf5 15. exf5 Bxf5 16. Bxb7 Rb8 17. b4 Qxb4 18. Rb1 Qa5 19. Bxa6 Rxb1 20. Qxb1 Bxc2 21. Qb5 Qc7 22. Bxf6 exf6 23. Nd5 Qa7 24. Nxf6+ Kh8 25. Nd7 Ra8 26. Rxf7 Qxa6 27. Qg5 Rg8 28. h3 Bg6 29.
Rxg7 Qf1+ 30. Kh2 Rxg7 31. Nf6 Be4 0-1

[Event "Early-Titled-Tuesday-Blitz-December-26-2023"]
[Site "Chess.com"]
[Date "2023.12.26"]
[Round "3"]
[White "GoltsevDmitry2000"]
[Black "Alexander_Donchenko"]
[Result "0-1"]
[WhiteElo "2698"]
[BlackElo "2914"]
[TimeControl "180+1"]
[EndTime "8:26:36 PST"]
[Termination "Alexander_Donchenko won by checkmate"]

1. e4 c6 2. d4 d5 3. Nc3 dxe4 4.
Nxe4 Bf5 5. Ng3 Bg6 6. Nh3 Nf6 7. Nf4 e5 8. dxe5 Qa5+ 9. c3 Qxe5+ 10. Qe2 Nbd7 11. h4 Bc5 12. h5 Bc2 13. h6 g6 14.
Qxe5+ Nxe5 15. f3 O-O-O 16. Be2 Rhe8 17. Kf1 Bd1 18. b4 Bxe2+ 19. Kxe2 Nd3+ 20. Ne4 Nxc1+ 21. Raxc1 Nxe4 22. fxe4 Rxe4+ 23. Kf3 Re3+ 24. Kf2 Bb6 25. Kf1 Rd2 26. Rh3 Rxa2 27. Re1 Rf2+ 28. Kxf2 Rxh3+ 29. Kf1 Rh1+ 30. Ke2 Rxe1+ 31. Kxe1 Be3 32. Nd3 Bxh6 33. Ne5 Bg7 34. Nxf7 Bxc3+ 35. Ke2 Bxb4 36. Ng5 Be7 37. Ne4 Kd7 38. g4 Ke6 39. g5 Kf5 40. Kf3 a5 41.
Ng3+ Kxg5 42. Ne2 Kf5 43. Kf2 Bf6 44. Ng3+ Ke5 45. Kg2 b5 46. Nf1 a4 47. Ne3 Bg5 48. Nf1 a3 49. Ng3 a2 50. Kh3 a1=Q 51. Kg2 Qb2+ 52.
Kh3 Bf4 53. Kh4 Qh2+ 54. Kg4 Qxg3# 0-1

[Event "Early-Titled-Tuesday-Blitz-December-26-2023"]
[Site "Chess.com"]
[Date "2023.12.26"]
[Round "3"]
[White "Journey_to_GrandMaster_YT"]
[Black "DuleMudule"]
[Result "0-1"]
[WhiteElo "2536"]
[BlackElo "2933"]
[TimeControl "180+1"]
[EndTime "8:26:36 PST"]
[Termination "DuleMudule won by resignation"]

1. d4 d5 2. Nf3 Bf5 3. e3 e6 4.
Bd3 Bg6 5. Bxg6 hxg6 6. Qd3 a6 7. Nbd2 c5 8. b3 Nc6 9. a3 cxd4 10. exd4 Bd6 11.
Bb2 Rc8 12. O-O g5 13. Rae1 g4 14. Ne5 Qh4 15. Qg3 Qh5 16. f3 Nxe5 17. dxe5 Bc5+ 18. Kh1 Nh6 19. fxg4 Qxg4 20. Qxg4 Nxg4 21. h3 Bf2 22. c4 Bxe1 23. Rxe1 Nf2+ 24. Kg1 Nd3 25. Rb1 Nxb2 26. Rxb2 dxc4 27. Nxc4 Ke7 28. Rd2 Rhd8 29.
Nd6 Rc5 30. Rf2 Rf8 31. Re2 b5 32. b4 Rd5 33. Kh2 f6 34. Nb7 fxe5 35. Nc5 a5 36. Nb3 axb4 37. axb4 Rf4 38. Nc5 Rxb4 39. Ra2 Rxc5 0-1

[Event "Early-Titled-Tuesday-Blitz-December-26-2023"]
[Site "Chess.com"]
[Date "2023.12.26"]
[Round "3"]
[White "Siniauski"]
[Black "Magila31"]
[Result "1-0"]
[WhiteElo "2597"]
[BlackElo "2342"]
[TimeControl "180+1"]
[EndTime "8:26:41 PST"]
[Termination "Siniauski won by resignation"]

1. e4 g6 2. d4 Bg7 3. Nc3 d6 4. g3 Nc6 5. Nge2 e5 6. Be3 Bg4 7.
d5 Nd4 8. Bxd4 exd4 9. Nb5 Bf3 10. Rg1 Bxe4 11. Nexd4 Bxd5 12. Qd2 Nf6 13. O-O-O O-O 14.
Nc3 Bc6 15. Nxc6 bxc6 16. Bg2 Qd7 17. h4 Rab8 18. Na4 Nd5 19. b3 Nb6 20. Qa5 Qg4 21. Bxc6 Nxa4 22. Qxa4 Qe2 23. Qf4 Rb6 24. Bd5 Ra6 25.
Rge1 Rxa2 26. Rxe2 Bc3 27. Qa4 1-0

[Event "Early-Titled-Tuesday-Blitz-December-26-2023"]
[Site "Chess.com"]
[Date "2023.12.26"]
[Round "3"]
[White "LeoWin2012"]
[Black "Kotofeyca"]
[Result "0-1"]
[WhiteElo "2230"]
[BlackElo "2428"]
[TimeControl "180+1"]
[EndTime "8:26:41 PST"]
[Termination "Kotofeyca won by resignation"]

1. e4 c5 2. Nf3 d6 3. Bb5+ Bd7 4.
Bxd7+ Qxd7 5. O-O Nf6 6. Re1 Nc6 7. c3 e6 8. d4 cxd4 9. cxd4 d5 10. e5 Ne4 11. Nc3 Nxc3 12. bxc3 Rc8 13. Bf4 Na5 14. Qd3 Nc4 15. h4 h6 16. Nd2 Be7 17. Nxc4 Rxc4 18. Reb1 Bxh4 19. Rb3 O-O 20. Rab1 b6 21. Qh3 Be7 22. Qg3 Kh8 23. Qf3 Rfc8 24. g3 Kg8 25.
Kg2 Qa4 26. R1b2 Qc6 27. Bd2 Ra4 28. Qg4 Kf8 29. f4 g6 30. Qh3 h5 31. g4 Qc4 32.
Be3 Rxa2 33. gxh5 Qxb3 34. hxg6 Qxb2+ 35. Kg3 Qg2+ 36. Qxg2 Rxg2+ 37. Kxg2 fxg6 0-1

[Event "Early-Titled-Tuesday-Blitz-December-26-2023"]
[Site "Chess.com"]
[Date "2023.12.26"]
[Round "3"]
[White "Lion-Al-Messi"]
[Black "ChessSG1"]
[Result "1-0"]
[WhiteElo "2626"]
[BlackElo "2436"]
[TimeControl "180+1"]
[EndTime "8:26:42 PST"]
[Termination "Lion-Al-Messi won on time"]

1. e4 c5 2. Nf3 e6 3. d4 cxd4 4. Nxd4 a6 5. Bd3 Nf6 6. c4 Nc6 7. Nxc6 dxc6 8. O-O e5 9. Nc3 h5 10. Bg5 h4 11. Bc2 Be7 12. Qxd8+ Bxd8 13. Rad1 Be6 14. c5 a5 15. f4 Ng4 16. Bxd8 Rxd8 17. f5 Bc4 18.
Rxd8+ Kxd8 19. Rd1+ Kc7 20. Bd3 Bxd3 21. Rxd3 Nf6 22.
Kf2 Ng4+ 23. Kg1 Nf6 24. h3 Ra8 25. Na4 Nxe4 26. Re3 Ng3 27. Rxe5 Rd8 28. Re7+ Kb8 29. Rxf7 Ka7 30. Nb6 Rd1+ 31. Kf2 Rf1+ 32. Ke3 Nxf5+ 33.
Kd3 a4 34. Nxa4 g6 35. Nb6 Ka6 36. a4 Rd1+ 37. Kc3 Rd8 38. Rf6 Re8 39. Rxg6 1-0

[Event "Early-Titled-Tuesday-Blitz-December-26-2023"]
[Site "Chess.com"]
[Date "2023.12.26"]
[Round "3"]
[White "Rozhkov_V"]
[Black "Yushko_Olga"]
[Result "0-1"]
[WhiteElo "2369"]
[BlackElo "2174"]
[TimeControl "180+1"]
[EndTime "8:26:42 PST"]
[Termination "Yushko_Olga won by checkmate"]

1. e4 e6 2. d4 d5 3. e5 c5 4. c3 Nc6 5. Nf3 Qb6 6. a3 cxd4 7. cxd4 Nge7 8. b4 Nf5 9. Be3 Be7 10. Bd3 O-O 11.
O-O Bd7 12. Nc3 h6 13. Bxf5 exf5 14. Nxd5 Qd8 15. Nxe7+ Nxe7 16. Rc1 Nd5 17. Qb3 Be6 18. Qb2 f4 19. Bd2 g5 20. Ne1 g4 21. Nd3 f3 22.
Bxh6 Re8 23. Qd2 Kh7 24. Bg5 Qb6 25. Nf4 Rg8 26. Nxd5 Bxd5 27. Bf6 fxg2 28. Rfd1 Qe6 29. Qf4 Rg6 30. Rd3 Rh6 31. Rg3 Rg8 32. Rc5 b6 33.
Rc7 Rh5 34. Rgc3 Rf5 35. Qg3 Rxf6 36. exf6 Qe1# 0-1

[Event "Early-Titled-Tuesday-Blitz-December-26-2023"]
[Site "Chess.com"]
[Date "2023.12.26"]
[Round "3"]
[White "bubeliang"]
[Black "newyorkmouse"]
[Result "1-0"]
[WhiteElo "2787"]
[BlackElo "2467"]
[TimeControl "180+1"]
[EndTime "8:26:45 PST"]
[Termination "bubeliang won by checkmate"]

1. e4 d6 2. d4 Nf6 3. Nc3 Nbd7 4.
Nf3 e5 5. Bc4 h6 6. O-O Be7 7.
Qe2 c6 8. a4 Qc7 9. Rd1 Nf8 10.
Be3 g5 11. Rd2 Ng6 12. Rad1 Nf4 13. Bxf4 gxf4 14. dxe5 dxe5 15. Na2 Rg8 16. Kh1 Bg4 17. Nc1 a6 18. Qd3 b5 19. axb5 axb5 20. Bb3 Nd7 21.
h3 Nc5 22. Qe2 Be6 23. Bxe6 Nxe6 24. c4 b4 25. Nd3 f6 26. Nfxe5 fxe5 27. Qh5+ Kf8 28.
Nxe5 Ng5 29. Qxh6+ Ke8 30. Qh5+ Kf8 31. Ng6+ Rxg6 32.
Qxg6 Qe5 33. Qxc6 Re8 34. Qh6+ Kg8 35. Qg6+ Kf8 36. Rd5 Qxb2 37. Rf5+ Bf6 38. Rxf6+ Qxf6 39. Qxf6+ Nf7 40. Rd7 Re7 41. Qxe7+ Kg7 42. Qxf7+ Kh6 43.
Qf6+ Kh5 44. Rh7# 1-0

[Event "Early-Titled-Tuesday-Blitz-December-26-2023"]
[Site "Chess.com"]
[Date "2023.12.26"]
[Round "3"]
[White "AljoschaFeuerstack"]
[Black "Slovak_fighter2000"]
[Result "1-0"]
[WhiteElo "2698"]
[BlackElo "2506"]
[TimeControl "180+1"]
[EndTime "8:26:45 PST"]
[Termination "AljoschaFeuerstack won by checkmate"]

1. e4 e6 2. Qe2 c5 3. Nf3 Nf6 4. g3 d5 5. exd5 Nxd5 6. Bg2 Be7 7. d4 Nc6 8. dxc5 Bxc5 9. O-O O-O 10. c4 Nf6 11. Rd1 Qa5 12. a3 Be7 13. Nc3 Qh5 14.
Bf4 a6 15. Rd2 Bd7 16. Rad1 Rad8 17. Bc7 Rc8 18. Rxd7 Nxd7 19. Rxd7 Bf6 20. Ne4 Bd8 21. Bd6 Re8 22. Rxb7 Na5 23. Rb4 Nc6 24. Rb7 Na5 25. Rb8 Rxb8 26. Bxb8 Bb6 27. Be5 f6 28. Bxf6 Rf8 29.
Bc3 Nc6 30. Nf6+ gxf6 31. Qxe6+ Rf7 32. Qxc6 Bc5 33. g4 Qxg4 34. Qxc5 Rg7 35. Ne1 h5 36. Qd5+ Kh7 37. h3 Qxh3 38. Qe4+ f5 39. Qe5 Rg6 40. Qh8# 1-0

[Event "Early-Titled-Tuesday-Blitz-December-26-2023"]
[Site "Chess.com"]
[Date "2023.12.26"]
[Round "3"]
[White "whitemirrorninja"]
[Black "GMBenjaminBok"]
[Result "0-1"]
[WhiteElo "2544"]
[BlackElo "2972"]
[TimeControl "180+1"]
[EndTime "8:26:48 PST"]
[Termination "GMBenjaminBok won by resignation"]

1. e4 c5 2. Nf3 d6 3. Nc3 Nf6 4. e5 dxe5 5. Nxe5 a6 6. g3 Qd6 7. Nf3 b5 8. Bg2 Bb7 9. O-O e6 10. Re1 Nbd7 11. d3 Be7 12. a4 Qb6 13. b3 O-O 14. Bb2 Rfd8 15. axb5 axb5 16. Qe2 h6 17. Ne4 Nxe4 18. dxe4 Bf6 19. e5 Be7 20. h4 Rxa1 21. Rxa1 Ra8 22. Rxa8+ Bxa8 23. Qd2 Qc7 24. Qe2 Qa5 25. Qd2 Qa7 26. Qe2 Qa6 27. Qd2 Nb6 28. Ne1 Bxg2 29. Nxg2 Qa2 30. Qc1 c4 31. Bd4 Nd5 32.
bxc4 Qxc4 33. Qa1 Qxc2 34. Qa8+ Kh7 35. Qe8 Qd1+ 36. Kh2 Qxd4 37. Qxf7 Qxe5 38. Qe8 b4 39. h5 Qf5 40. Qb5 Qxh5+ 41. Kg1 Qd1+ 42. Kh2 b3 43. Qb7 Bf6 44. Nh4 b2 45. g4 0-1

[Event "Early-Titled-Tuesday-Blitz-December-26-2023"]
[Site "Chess.com"]
[Date "2023.12.26"]
[Round "3"]
[White "Alex_Banzea"]
[Black "Road2GM3000"]
[Result "0-1"]
[WhiteElo "2641"]
[BlackElo "2492"]
[TimeControl "180+1"]
[EndTime "8:26:49 PST"]
[Termination "Road2GM3000 won by checkmate"]

1. d4 d5 2. Nc3 Nf6 3. Bf4 c6 4. e3 Bf5 5. f3 e6 6. g4 Bg6 7. h4 h5 8. g5 Nfd7 9. Bd3 Bxd3 10. Qxd3 g6 11. Nge2 Bg7 12. e4 O-O 13. O-O-O Na6 14. Kb1 Nb4 15. Qe3 Nb6 16. b3 a5 17. Be5 a4 18. a3 axb3 19. cxb3 Rxa3 20. Kb2 Ra6 21.
Nf4 Qe7 22. Ra1 Rfa8 23. Rxa6 Rxa6 24. Bxg7 Kxg7 25. exd5 N6xd5 26. Nfxd5 Nxd5 27. Qe5+ Kh7 28. Nb1 Qb4 29. Rc1 Qa5 30. Nc3 Nxc3 31. Rc2 Qa1# 0-1

[Event "Early-Titled-Tuesday-Blitz-December-26-2023"]
[Site "Chess.com"]
[Date "2023.12.26"]
[Round "3"]
[White "artin10862"]
[Black "Agent-JL"]
[Result "1-0"]
[WhiteElo "2924"]
[BlackElo "2527"]
[TimeControl "180+1"]
[EndTime "8:26:50 PST"]
[Termination "artin10862 won by resignation"]

1. d4 Nf6 2. c4 e6 3. Nc3 d5 4.
Nf3 Be7 5. cxd5 exd5 6. Bg5 c6 7. Qc2 O-O 8. e3 Nbd7 9. Bd3 Re8 10. h3 Nf8 11. Bf4 Ng6 12. Bh2 Bd6 13. Bxd6 Qxd6 14. O-O Qe7 15. Nd2 Nh4 16. Rfe1 Bd7 17. Nf1 Ne4 18.
f3 Ng5 19. Kh1 Bxh3 20. gxh3 Nhxf3 21. Qg2 Nxe1 22. Rxe1 Qf6 23. Nh2 Qh6 24. Bf5 Qh4 25.
Re2 g6 26. Bg4 h5 27. Nf3 Nxf3 28. Bxf3 Re7 29. Nd1 Rae8 30. Kh2 Kh7 31. Qg3 Qf6 32. Rf2 Rxe3 33. Nxe3 Rxe3 34. Bxh5 Qxd4 35. Rxf7+ Kh8 36. Rf8+ 1-0

[Event "Early-Titled-Tuesday-Blitz-December-26-2023"]
[Site "Chess.com"]
[Date "2023.12.26"]
[Round "3"]
[White "sokidze"]
[Black "JoliyRoger"]
[Result "1-0"]
[WhiteElo "2776"]
[BlackElo "2517"]
[TimeControl "180+1"]
[EndTime "8:26:50 PST"]
[Termination "sokidze won by resignation"]

1. d4 Nf6 2. Nc3 e6 3. Bf4 d5 4. Nb5 Na6 5. e3 Be7 6. Nf3 O-O 7. h4 c6 8. Nc3 c5 9. Nb5 Bd7 10.
a4 c4 11. c3 Bxb5 12. axb5 Nc7 13. h5 Nxb5 14. h6 g6 15. Ne5 Nd6 16. Be2 Nd7 17.
O-O Nxe5 18. Bxe5 b5 19. Ra6 Nf5 20. Bf3 Nh4 21. Bg4 g5 22. Bg7 Qc8 23. Bxf8 Bxf8 24.
Qa1 Ng6 25. Rxa7 Rb8 26. Qa6 Qxa6 27. Rxa6 Bxh6 28. Rfa1 Bf8 29. Ra8 Rxa8 30. Rxa8 b4 31. cxb4 Ne7 32. b5 1-0

[Event "Early-Titled-Tuesday-Blitz-December-26-2023"]
[Site "Chess.com"]
[Date "2023.12.26"]
[Round "3"]
[White "Ramosha"]
[Black "Schachmalanders"]
[Result "0-1"]
[WhiteElo "2591"]
[BlackElo "2420"]
[TimeControl "180+1"]
[EndTime "8:26:52 PST"]
[Termination "Schachmalanders won by resignation"]

1. d4 d5 2. Nc3 c5 3. e4 dxe4 4. dxc5 Qxd1+ 5. Nxd1 e5 6. Be3 f5 7. g3 Nf6 8. Nc3 Be7 9. Bc4 Na6 10. Nb5 Bd7 11. O-O-O Bxb5 12. Bxb5+ Kf7 13. c6 Nc5 14. Bc4+ Kg6 15. b4 Na4 16. cxb7 Rab8 17. Bb3 Nb6 18. a3 Rxb7 19. c4 Nxc4 20. Bxc4 Rc8 21. Kc2 Rxc4+ 22.
Kb3 Rbc7 23. Ne2 Rc2 24. Rd2 Rxd2 25. Bxd2 Kf7 26. Nc3 Ke6 27. h3 Nd5 28. Nxd5 Kxd5 29. a4 g5 30. Rd1 Ke6 31. g4 Rd7 32. gxf5+ Kxf5 33. Kc2 Rd4 34. b5 Rxa4 35. Be3 Rc4+ 36. Kb3 Rb4+ 37. Kc3 Rxb5 38. Rd7 Ke6 39. Rxa7 h5 40.
Ra6+ Kf5 41. Rh6 h4 42. Kc4 Rb1 43. Rh7 Bf6 44. Kd5 Rd1+ 45. Kc6 Rh1 46. Bc5 Rxh3 47. Rf7 Ke6 48. Rf8 Rc3 49. Re8+ Kf5 50. Kd5 h3 51. Ra8 Rd3+ 52. Kc4 Rd1 53. Rf8 h2 54. Be7 h1=Q 55.
Rxf6+ Kg4 0-1

[Event "Early-Titled-Tuesday-Blitz-December-26-2023"]
[Site "Chess.com"]
[Date "2023.12.26"]
[Round "3"]
[White "Nitzan_Steinberg"]
[Black "Vaibhavraut99"]
[Result "1-0"]
[WhiteElo "2870"]
[BlackElo "2668"]
[TimeControl "180+1"]
[EndTime "8:26:53 PST"]
[Termination "Nitzan_Steinberg won by resignation"]

1. e4 e5 2. Nf3 Nc6 3. Bb5 a6 4. Ba4 Nf6 5. O-O b5 6. Bb3 Bc5 7. c3 d6 8. h3 O-O 9. Re1 h6 10. d3 Bb7 11. Nbd2 Bb6 12. Nf1 Ne7 13. Ng3 Ng6 14. Nf5 Bc8 15. a4 Rb8 16. a5 Ba7 17. d4 Re8 18. Ng3 c5 19. Be3 c4 20. Bc2 Qc7 21. Nh2 b4 22. Ba4 Rd8 23. Ng4 Bxg4 24.
hxg4 Nf4 25. Bxf4 exf4 26. Nf5 bxc3 27. bxc3 Rb2 28. Qf3 d5 29. e5 Ne4 30. Rxe4 dxe4 31. Qxe4 Qb7 32. Bc6 Qb3 33. e6 fxe6 34. Qxe6+ Kh8 35.
Nxh6 Rb1+ 36. Kh2 gxh6 37. Qxh6+ Kg8 38. Qg6+ Kh8 39. Qf6+ Kh7 40. Be4+ Kg8 41. Qxd8+ Kg7 42. Rxb1 1-0

[Event "Early-Titled-Tuesday-Blitz-December-26-2023"]
[Site "Chess.com"]
[Date "2023.12.26"]
[Round "3"]
[White "Aygehovit1992"]
[Black "DrCeltic"]
[Result "1-0"]
[WhiteElo "2762"]
[BlackElo "2515"]
[TimeControl "180+1"]
[EndTime "8:26:53 PST"]
[Termination "Aygehovit1992 won by resignation"]

1. e4 c5 2. Nc3 a6 3. d4 cxd4 4.
Qxd4 Nc6 5. Qe3 b5 6. a4 b4 7.
Nd5 e6 8. Nb6 Rb8 9. a5 Nxa5 10.
Nxc8 Rxc8 11. Bxa6 Ra8 12. Bb5 Nf6 13. Nf3 Qc7 14. O-O Bc5 15. Qg5 O-O 16. e5 Ne4 17. Qh4 Nxf2 18. Rxf2 Bxf2+ 19. Qxf2 Rfb8 20. Bd3 Nb3 21. Rxa8 Rxa8 22. Bxh7+ Kxh7 23. Ng5+ Kh8 24. Qf3 Qc5+ 25.
Kh1 Ra1 26. Qh5+ Kg8 27. Qxf7+ Kh8 28. Qe8+ 1-0

[Event "Early-Titled-Tuesday-Blitz-December-26-2023"]
[Site "Chess.com"]
[Date "2023.12.26"]
[Round "3"]
[White "Viktor_Poddubnyi"]
[Black "Lady_Nika"]
[Result "0-1"]
[WhiteElo "2372"]
[BlackElo "2606"]
[TimeControl "180+1"]
[EndTime "8:26:55 PST"]
[Termination "Lady_Nika won on time"]

1. e4 c5 2. Nf3 e6 3. g3 Nc6 4. Bg2 d6 5. O-O Nf6 6. Re1 e5 7. c3 Bg4 8. h3 Bxf3 9. Qxf3 Be7 10. d3 O-O 11. Be3 b5 12. Nd2 b4 13. Nc4 a5 14. a4 Qc7 15. h4 Rfb8 16. g4 bxc3 17. bxc3 Rb3 18. g5 Nd7 19. Bd2 Nb6 20. Ne3 Rb2 21. Bc1 Rb3 22. Bd2 Rb8 23. Bh3 Bf8 24.
h5 Ne7 25. Nf5 Nxf5 26. exf5 c4 27. f6 cxd3 28. Qxd3 Qc4 29. Qf3 Qh4 30. fxg7 Bxg7 31. g6 hxg6 32. hxg6 Nc4 33. gxf7+ Kh8 34. Be3 e4 35.
Qf5 Rxc3 36. Kg2 Nxe3+ 37. Rxe3 Rxe3 38. fxe3 Rb2+ 39. Kh1 Rf2 40. Qc8+ Kh7 41. Qg8+ Kh6 0-1

[Event "Early-Titled-Tuesday-Blitz-December-26-2023"]
[Site "Chess.com"]
[Date "2023.12.26"]
[Round "3"]
[White "laskakid"]
[Black "AGW2016"]
[Result "0-1"]
[WhiteElo "2377"]
[BlackElo "2550"]
[TimeControl "180+1"]
[EndTime "8:26:56 PST"]
[Termination "AGW2016 won on time"]

1. d4 Nf6 2. c4 g6 3. Nc3 Bg7 4. Nf3 d6 5. Bg5 O-O 6. e3 h6 7. Bh4 c5 8. d5 g5 9. Bg3 Nh5 10. Qc2 f5 11. Be2 Qe8 12. Nd2 Na6 13. a3 Nc7 14.
O-O-O Bd7 15. f3 Nxg3 16. hxg3 a6 17. g4 b5 18. Bd3 b4 19. Ncb1 fxg4 20. Bh7+ Kh8 21.
Bg6 bxa3 22. Rxh6+ Bxh6 23. Bxe8 a2 24. Qg6 Rf6 25.
Nb3 Bxe8 26. Qe4 Bg6 27. Rh1 Bxe4 28. fxe4 axb1=Q+ 29. Kxb1 Rb8 30. Kc2 Rf2+ 31. Kc3 Kg7 32. Nd2 Kg6 33. e5 Bg7 34. Ne4 Bxe5+ 35. Kd3 Rb3+ 0-1

[Event "Early-Titled-Tuesday-Blitz-December-26-2023"]
[Site "Chess.com"]
[Date "2023.12.26"]
[Round "3"]
[White "ozates"]
[Black "chito89"]
[Result "0-1"]
[WhiteElo "2603"]
[BlackElo "2840"]
[TimeControl "180+1"]
[EndTime "8:27:00 PST"]
[Termination "chito89 won by resignation"]

1. e4 Nc6 2. Nf3 d6 3. d4 Nf6 4. d5 Nb8 5. Bd3 c6 6. c4 g6 7.
Nc3 Bg7 8. O-O O-O 9. h3 Na6 10.
Be3 Nd7 11. Qd2 Nac5 12. Bc2 a5 13. Bh6 Nb6 14. Bxg7 Kxg7 15. Rfe1 e5 16. b3 cxd5 17. Nxd5 Nxd5 18. Qxd5 Be6 19. Qd2 Qb6 20. Rad1 Rad8 21. Qc3 Qb4 22. Qb2 Na4 23. Qa1 Nc5 24. Rxd6 f6 25. Red1 Rxd6 26. Rxd6 Re8 27. Qd1 a4 28. Rd8 Rxd8 29. Qxd8 axb3 30. Qe7+ Bf7 31. axb3 Qb6 32. g4 g5 33. h4 h6 34. hxg5 hxg5 35. Kg2 Ne6 36. b4 Nf4+ 37. Kg3 Ne2+ 38. Kg2 Nf4+ 39. Kg3 Ng6 40. Qd7 Qxb4 41. c5 Nf4 42. Qc7 Qc3 43.
Ba4 Kg6 44. Qxb7 Qxc5 45. Bd7 Qc4 46. Qc6 Qf1 47. Nxe5+ Kg7 48. Kf3 fxe5 0-1

[Event "Early-Titled-Tuesday-Blitz-December-26-2023"]
[Site "Chess.com"]
[Date "2023.12.26"]
[Round "3"]
[White "wonderfultime"]
[Black "LikeWater"]
[Result "1-0"]
[WhiteElo "3012"]
[BlackElo "2739"]
[TimeControl "180+1"]
[EndTime "8:27:02 PST"]
[Termination "wonderfultime won on time"]

1. d4 d5 2. Nf3 e6 3. Bf4 Bd6 4.
e3 Ne7 5. Bg3 O-O 6. c4 c5 7.
Nc3 Nbc6 8. dxc5 Bxc5 9. cxd5 Nxd5 10. Nxd5 exd5 11. Bd3 d4 12. Bxh7+ Kh8 13. O-O dxe3 14. Be4 exf2+ 15. Bxf2 Bxf2+ 16. Rxf2 Qxd1+ 17. Rxd1 Bg4 18. h3 Be6 19. a3 Rad8 20. Rxd8 Rxd8 21. Ng5 Kg8 22.
Bh7+ Kh8 23. Be4 Kg8 24. Nxe6 fxe6 25. g4 Rd4 26. Re2 Kf7 27. Kf2 Ke7 28. Ke3 Rd1 29. Kf4 Nd4 30. Rf2 b5 31. h4 Kf6 32. g5+ Ke7 33. h5 Rg1 34. h6 gxh6 35. gxh6 Rg8 36. h7 Rh8 37. Ke5 Nb3 38. Rc2 Kd7 39. Rg2 1-0

[Event "Early-Titled-Tuesday-Blitz-December-26-2023"]
[Site "Chess.com"]
[Date "2023.12.26"]
[Round "3"]
[White "margarita_2703"]
[Black "nindjaxx8"]
[Result "1/2-1/2"]
[WhiteElo "2327"]
[BlackElo "2583"]
[TimeControl "180+1"]
[EndTime "8:27:02 PST"]
[Termination "Game drawn by repetition"]

1. e4 e6 2. d4 d5 3. e5 c5 4. c3 Nc6 5. Nf3 Qb6 6. Na3 cxd4 7. cxd4 Bb4+ 8. Bd2 Bxa3 9. bxa3 Bd7 10. Rb1 Qc7 11. Bd3 Nge7 12. O-O Ng6 13. h4 h6 14. Qe2 O-O 15.
h5 Nge7 16. Rfc1 b6 17. Bb4 Qd8 18. Bd6 Re8 19. Bc2 Nf5 20. Qd3 Nxd6 21. exd6 f5 22.
Ba4 Rc8 23. Qe3 Na5 24. Rxc8 Qxc8 25. Rc1 Nc4 26. Qb3 Rd8 27. Ne5 Bxa4 28. Qxa4 Rxd6 29. Nxc4 dxc4 30. Rxc4 Qd7 31. Qxd7 Rxd7 32. f4 Kf7 33. Kf2 Ke7 34. Ke3 Kd6 35. a4 Rc7 36. Kd3 Rxc4 37. Kxc4 Kc6 38. a3 a6 39. g3 Kd6 40.
Kc3 Kd5 41. Kd3 Kc6 42. Kc4 Kd6 43. Kc3 Kc6 44. Kc4 1/2-1/2

[Event "Early-Titled-Tuesday-Blitz-December-26-2023"]
[Site "Chess.com"]
[Date "2023.12.26"]
[Round "3"]
[White "LUISMIGUELOV"]
[Black "Zq1"]
[Result "0-1"]
[WhiteElo "2207"]
[BlackElo "2410"]
[TimeControl "180+1"]
[EndTime "8:27:02 PST"]
[Termination "Zq1 won by resignation"]

1. d4 Nf6 2. c3 g6 3. Bg5 Bg7 4. Nd2 O-O 5. Ngf3 b6 6. g3 c5 7. Bg2 Bb7 8. O-O d6 9. Rc1 Nbd7 10. Re1 h6 11. Bxf6 Nxf6 12. e3 Rc8 13. Nh4 Bxg2 14. Nxg2 Qd7 15. f4 Qb7 16. Qf3 Qxf3 17. Nxf3 Ne4 18. Rcd1 Rfe8 19. Nd2 Nxd2 20. Rxd2 e5 21. fxe5 dxe5 22. dxe5 Bxe5 23. Red1 Rc7 24. Kf2 Kg7 25. Kf3 Re6 26. Rd7 Re7 27. Rxc7 Bxc7 28. Nf4 Bxf4 29. exf4 h5 30. h4 b5 31. Rd5 Rc7 32.
Ke4 a5 33. Ke5 Re7+ 34. Kd6 Re2 35. Rxc5 Rxb2 36. a4 bxa4 37. Rxa5 Rc2 38. Rxa4 Rxc3 39. g4 hxg4 40. Ke5 g3 41. Ra2 f5 42. Rg2 Kh6 43. Kf6 Kh5 44. Kg7 Rc7+ 45. Kf6 Rc6+ 46. Kg7 Kxh4 47.
Rg1 Kg4 48. Rf1 g2 49. Rg1 Kg3 50. Kh6 Kh2 0-1

[Event "Early-Titled-Tuesday-Blitz-December-26-2023"]
[Site "Chess.com"]
[Date "2023.12.26"]
[Round "3"]
[White "CSB7"]
[Black "ilushka"]
[Result "1-0"]
[WhiteElo "2693"]
[BlackElo "2454"]
[TimeControl "180+1"]
[EndTime "8:27:07 PST"]
[Termination "CSB7 won by checkmate"]

1. d4 e6 2. Nf3 Nf6 3. c4 Bb4+ 4. Nbd2 O-O 5. a3 Be7 6. e4 d6 7. b4 a5 8. b5 e5 9. Bb2 exd4 10. Nxd4 Nfd7 11.
Qc2 Nc5 12. Be2 Bf6 13. O-O Re8 14. f4 a4 15. Rad1 Nbd7 16. Kh1 g6 17. Bf3 Bg7 18.
Nb1 Nf6 19. e5 dxe5 20. fxe5 Ng4 21. e6 Ne3 22. exf7+ Kxf7 23. Bd5+ Ke7 24. b6 Nxc2 25. Rf7+ Kd6 26. Nb5# 1-0